 Dungeon Crawl Stone Soup version 0.13-a0-2657-gc1edc70 (webtiles) character file.

13238 Rycklaryybbe the Quickloader (level 11, -2/53 HPs)
             Began as a Spriggan Hunter on Aug 10, 2013.
             Was the Champion of Fedhas.
             Slain by a hill giant
             ... wielding a +0,+0 giant spiked club
              (32 damage)
             ... on Level 11 of the Dungeon.
             The game lasted 01:01:53 (11977 turns).

Rycklaryybbe the Quickloader (Spriggan Hunter)     Turns: 11977, Time: 01:01:58

HP  -2/53        AC  4     Str 16      XL: 11   Next: 63%
MP  25/27        EV 26     Int 17      God: Fedhas [******]
Gold 762         SH  0     Dex 18      Spells:  3 memorised,  5 levels left

Res.Fire  : . . .   See Invis. : +   b - +5,+3 crossbow (velocity)
Res.Cold  : . . .   Warding    : .   j - +1 robe {rN+} (curse)
Life Prot.: + . .   Conserve   : .   (shield restricted)
Res.Poison: .       Res.Corr.  : .   Y - +0 wizard hat
Res.Elec. : .       Clarity    : .   p - +0 cloak (curse)
Sust.Abil.: . .     Spirit.Shd : .   (gloves unavailable)
Res.Mut.  : .       Stasis     : .   (boots unavailable)
Res.Rott. : .       Flight     : .   U - cursed amulet of faith
Saprovore : . . .                    M - ring of invisibility
                                     i - +0,+7 ring of slaying

@: exhausted, mighty, brilliant, slowed, quick, quite resistant to hostile
enchantments, stealthy
A: unfitting armour, see invisible, herbivore 3, speed 3, slow metabolism 2
a: Evolution, Sunlight, Growth, Reproduction, Rain, Renounce Religion, Evoke
Invisibility


You were on level 11 of the Dungeon.
You worshipped Fedhas.
Fedhas was exalted by your worship.
You were not hungry.

You visited 1 branch of the dungeon, and saw 11 of its levels.
You also visited: Ossuary.

You collected 742 gold pieces.

Inventory:

Hand weapons
 a - a +1,+2 spear of venom
 b - a +5,+3 crossbow of velocity (weapon)
 d - a +0,+0 sabre
 O - a -1 orcish blowgun
 W - the +4,+6 mace of Fatigue {crush, rElec MR++}
   (You found it on level 9 of the Dungeon)

   It inflicts extra damage upon your enemies.
   It insulates you from electricity.
   It affects your resistance to hostile enchantments.
 X - a cursed +3,+0 spear of freezing
Missiles
 c - 65 bolts (quivered)
 v - 6 curare-tipped needles
 y - 44 stones
 H - 15 silver bolts
 P - 34 poisoned needles
Armour
 j - a cursed +1 robe of positive energy (worn)
 p - a cursed +0 cloak (worn)
 Y - a +0 wizard hat (worn)
Magical devices
 l - a wand of cold (9)
 t - a wand of magic darts (5)
 I - a wand of fire (14)
 J - a wand of magic darts (7)
 K - a wand of confusion (12) {unknown}
Comestibles
 o - 4 apples
 u - 3 pears
 F - a bread ration
 G - 16 sultanas
 L - a lemon
 V - an apricot
Scrolls
 f - 3 scrolls of enchant weapon I
 g - 5 scrolls of teleportation
 h - 3 scrolls of noise
 k - 3 scrolls of remove curse
 m - a scroll of amnesia {unknown}
 n - a scroll of fear
 s - a scroll of enchant armour {unknown}
 w - a scroll of fog
 D - 3 scrolls of magic mapping
 E - 3 scrolls of blinking
Jewellery
 i - a +0,+7 ring of slaying (left hand)
 z - an uncursed ring of flight
 M - a ring of invisibility (right hand)
 U - a cursed amulet of faith (around neck)
Potions
 e - a potion of restore abilities {unknown}
 q - 2 potions of brilliance
 r - a potion of speed
 x - 2 potions of might
 A - 2 potions of curing
 B - 2 potions of heal wounds
 C - a potion of slowing
 Q - a potion of invisibility
 R - a potion of degeneration
 S - a potion of berserk rage
Books
 N - a book of Minor Magic

   Spells                             Type                      Level
   Magic Dart                         Conjuration                  1
   *Blink                             Translocation                2
   Call Imp                           Summoning                    2
   *Repel Missiles                    Charms/Air                   2
   Slow                               Hexes                        2
   Conjure Flame                      Conjuration/Fire             3
   Mephitic Cloud                     Conjuration/Poison/Air       3
 T - a book of Minor Magic

   Spells                             Type                      Level
   Magic Dart                         Conjuration                  1
   *Blink                             Translocation                2
   Call Imp                           Summoning                    2
   *Repel Missiles                    Charms/Air                   2
   Slow                               Hexes                        2
   Conjure Flame                      Conjuration/Fire             3
   Mephitic Cloud                     Conjuration/Poison/Air       3


   Skills:
 - Level 4.1 Fighting
   Level 2.6 Long Blades
 * Level 13.5 Crossbows
 - Level 10.0 Dodging
 - Level 7.2 Stealth
 + Level 1.9 Charms
 + Level 1.7 Translocations
 - Level 9.2 Invocations


You had 5 spell levels left.
You knew the following spells:

 Your Spells              Type           Power        Failure   Level  Hunger
a - Apportation           Tloc           ###.......   1%          1    ##.....
b - Blink                 Tloc           N/A          2%          2    ###....
c - Repel Missiles        Chrm/Air       ##........   3%          2    ###....


Dungeon Overview and Level Annotations

Branches:
Dungeon (11/27)            Temple (0/1) D:4             Orc (0/4) D:6
   Lair: D:8-13

Altars:
Elyvilon
Fedhas
Trog
Vehumet
Xom
the Shining One

Shops:
D:4: }

Annotations
D:9 exclusion: statue
D:11 Nergalle


Innate Abilities, Weirdness & Mutations

You are tiny and cannot use many weapons and most armour.
You have supernaturally acute eyesight.
You are a herbivore.
You cover ground extremely quickly.
You need consume almost no food.


Message History

Are you sure you want to stumble around while confused and next to your ballistomycete? (Use ctrl+direction to attack without moving)
Okay, then.
Are you sure you want to stumble around while confused and next to your ballistomycete? (Use ctrl+direction to attack without moving)
Okay, then.
You feel your anger subside.
You are no longer berserk.
You are exhausted.
You feel yourself slow down.
Nergalle points at you and mumbles some strange words.
Orcish apparitions take form around you.
The spectral orc hits you with an orcish flail.
Drink which item? (? for menu, Esc to quit)
You feel as though you will be slow longer.
It was a potion of slowing.
You feel less confused.
The spectral orc warrior completely misses you.
The hill giant hits you with a giant spiked club!
Ouch! That really hurt!
You die...
Fedhas appreciates your contribution to the ecosystem.

##.....#...#### ##
###..⌠.≈(..#≈.###
##
##≈#..#....#....##
..
##..≈.≈.C≈..≈.##.≈#
..
####≈##.((##....#≈#
...
#≈##.#%((#^.≈..#≈≈#
#..
#≈#.##.#≈o⌠..≈.≈⌠.#
#..
###.#.%C(W.#^..⌠.##
...
###⌠..^@fW.^#..##
.## ##._#≈#W.##.###
############ # # .


You could see Nergalle, a hill giant, a cyclops, a spectral orc and 2 spectral
orc warriors.

Vanquished Creatures
  Pikel (D:5)
  A hill giant (D:10)
  Joseph (D:8)
  Maurice (D:9)
  Prince Ribbit (D:7)
  A two-headed ogre (D:7)
  2 deep elf magi (D:10)
  2 hippogriffs
  Eustachio (D:7)
  4 yaks (D:9)
  Grum (D:8)
  3 wolves (D:8)
  Edmund (D:7)
  3 necrophages (D:7)
  An elf skeleton (Ossuary)
  2 ice beasts (D:8)
  A swamp drake (D:10)
  A sky beast (D:7)
  2 slaves (D:5)
  A black bear (D:10)
  2 orc warriors (D:8)
  A yellow wasp (D:7)
  A sheep (D:11)
  3 ogres
  4 wargs (D:6)
  Sigmund (D:5)
  2 centaurs
  Blork the orc (D:5)
  3 giant frogs
  A gnoll sergeant (D:4)
  7 wights
  4 hounds
  7 crimson imps
  A goliath beetle (D:10)
  The ghost of Duskembrace the Grasshopper, a weakling FeWr (D:5)
  A yellow wasp zombie (D:6)
  A water moccasin zombie (D:7)
  Crazy Yiuf (D:2)
  A giant frog zombie (D:6)
  An iron imp (D:10)
  2 orc priests
  A big fish (D:4)
  2 giant frog skeletons
  A centaur skeleton (Ossuary)
  10 orc wizards
  3 iguanas
  6 worker ants
  2 scorpions
  An ogre skeleton (D:5)
  Ijyb (D:3)
  Jessica (D:3)
  2 big kobold skeletons (Ossuary)
  A jelly (D:11)
  2 hound skeletons (Ossuary)
  4 mummies
  16 gnolls
  10 adders
  A giant centipede (D:9)
  A giant mite (D:5)
  A white imp (D:10)
  2 worms
  A shadow imp (D:10)
  An iguana skeleton (D:7)
  5 adder skeletons
  2 giant eyeballs
  5 giant geckos
  An ooze (D:3)
  28 orcs
  3 ball pythons
  A bat skeleton (D:4)
  4 giant cockroaches
  15 hobgoblins
  7 jackals
  15 kobolds
  7 bats
  A giant gecko skeleton (D:7)
  5 giant newts
  4 gnoll skeletons (Ossuary)
  4 goblins
  4 goblin skeletons (Ossuary)
  A goblin zombie (Ossuary)
  6 hobgoblin skeletons
  A hobgoblin zombie (D:7)
  2 jackal skeletons
  A jackal zombie (Ossuary)
  2 kobold skeletons (Ossuary)
  2 orc skeletons
  5 quokkas
  5 quokka skeletons (Ossuary)
  11 rats
  4 rat skeletons
  A rat zombie (D:7)
299 creatures vanquished.

Vanquished Creatures (collateral kills)
  A hill giant (D:10)
  A yak (D:9)
  A hippogriff (D:10)
  A giant frog (D:11)
  A goliath beetle (D:9)
  An orc wizard (D:10)
  A scorpion (D:9)
  A sheep (D:11)
  A jelly (D:9)
  An orc (D:10)
  A giant spore (D:11)
11 creatures vanquished.

Vanquished Creatures (others)
  3 wandering mushrooms
  A worker ant zombie (D:8)
  136 toadstools
140 creatures vanquished.

Grand Total: 450 creatures vanquished

Notes
Turn   | Place    | Note
--------------------------------------------------------------
     0 | D:1      | Rycklaryybbe, the Spriggan Hunter, began the quest for the Orb.
     0 | D:1      | Reached XP level 1. HP: 11/11 MP: 1/1
   451 | D:1      | Reached XP level 2. HP: 15/15 MP: 3/3
   976 | D:2      | Reached XP level 3. HP: 16/18 MP: 5/5
  1310 | D:2      | Found a blossoming altar of Fedhas.
  1453 | D:2      | Became a worshipper of Fedhas Madash
  1542 | D:2      | Noticed Crazy Yiuf
  1557 | D:2      | Killed Crazy Yiuf
  1557 | D:2      | Reached skill level 5 in Dodging
  1557 | D:2      | Reached XP level 4. HP: 23/23 MP: 7/7
  1726 | D:3      | Noticed Jessica
  1730 | D:3      | Killed Jessica
  1814 | D:3      | Noticed Ijyb
  1857 | D:3      | Killed Ijyb
  2163 | D:3      | Reached XP level 5. HP: 24/26 MP: 9/9
  2298 | D:3      | Acquired Fedhas' first power
  2675 | D:3      | Reached skill level 5 in Stealth
  2697 | D:3      | Reached skill level 5 in Crossbows
  2809 | D:4      | Found a glowing drain.
  2970 | D:4      | Found Nyfaef's Gadget Shop.
  3196 | D:4      | Reached skill level 6 in Stealth
  3196 | D:4      | Reached XP level 6. HP: 26/30 MP: 11/11
  3616 | D:4      | Found a staircase to the Ecumenical Temple.
  3886 | D:5      | Entered Level 5 of the Dungeon
  3925 | D:5      | Reached skill level 7 in Stealth
  3925 | D:5      | Reached XP level 7. HP: 23/34 MP: 13/13
  4147 | D:5      | Acquired Fedhas' second power
  4249 | D:5      | Noticed Duskembrace's ghost (weakling FeWr)
  4273 | D:5      | Killed Duskembrace's ghost
  4288 | D:5      | Noticed Blork the orc
  4295 | D:5      | Killed Blork the orc
  4448 | D:5      | Noticed Sigmund
  4454 | D:5      | Killed Sigmund
  4459 | D:5      | Found a bloodstained altar of Trog.
  4792 | D:5      | Noticed Pikel
  4836 | D:5      | Killed Pikel
  4836 | D:5      | Reached skill level 8 in Crossbows
  4836 | D:5      | Reached XP level 8. HP: 33/38 MP: 15/15
  5165 | D:6      | Reached skill level 9 in Crossbows
  5369 | D:6      | Found a staircase to the Orcish Mines.
  6347 | D:6      | Identified a scroll of acquirement
  6516 | D:7      | Noticed Edmund
  6573 | D:7      | Reached skill level 10 in Crossbows
  6573 | D:7      | Reached XP level 9. HP: 42/42 MP: 17/17
  6578 | D:7      | Acquired Fedhas' third power
  6677 | D:7      | Reached skill level 1 in Invocations
  6843 | D:7      | Noticed Prince Ribbit
  6857 | D:7      | Killed Prince Ribbit
  6982 | D:7      | Noticed a two-headed ogre
  7007 | D:7      | Killed a two-headed ogre
  7007 | D:7      | Reached skill level 11 in Crossbows
  7177 | D:7      | Noticed Eustachio
  7220 | D:7      | Killed Eustachio
  7427 | D:7      | Found a sand-covered staircase.
  7432 | Ossuary  | Entered an ossuary
  7596 | Ossuary  | Acquired Fedhas' fourth power
  7708 | Ossuary  | Acquired Fedhas' fifth power
  7825 | Ossuary  | Reached skill level 12 in Crossbows
  7825 | Ossuary  | Reached skill level 10 in Dodging
  7825 | Ossuary  | Reached XP level 10. HP: 46/49 MP: 21/24
  7909 | D:7      | Killed Edmund
  8104 | D:7      | Found a glowing golden altar of the Shining One.
  8171 | D:8      | Found a white marble altar of Elyvilon.
  8445 | D:8      | Reached XP level 11. HP: 51/53 MP: 26/26
  8479 | D:8      | Noticed Joseph
  8489 | D:8      | Killed Joseph
  8653 | D:8      | Noticed Grum
  8656 | D:8      | Killed Grum
  9647 | D:9      | Got a brightly glowing mace
  9648 | D:9      | Identified the mace of Fatigue {crush, rElec MR++} (You found it on level 9 of the Dungeon)
  9784 | D:9      | Noticed Maurice
  9792 | D:9      | Killed Maurice
  9792 | D:9      | Reached skill level 13 in Crossbows
  9987 | D:9      | Found a radiant altar of Vehumet.
 10339 | D:10     | Entered Level 10 of the Dungeon
 10573 | D:10     | Learned a level 1 spell: Apportation
 10613 | D:10     | Noticed a hill giant
 10638 | D:10     | Killed a hill giant
 10956 | D:10     | Noticed a hill giant
 10974 | D:10     | Killed a hill giant
 11370 | D:10     | Learned a level 2 spell: Blink
 11375 | D:10     | Learned a level 2 spell: Repel Missiles
 11624 | D:10     | Reached skill level 1 in Translocations
 11658 | D:11     | Reached skill level 1 in Charms
 11894 | D:11     | Found a shimmering altar of Xom.
 11948 | D:11     | Noticed a hill giant
 11962 | D:11     | Noticed Nergalle
 11977 | D:11     | Slain by a hill giant

Action                   |  1- 3 |  4- 6 |  7- 9 | 10-12 || total
-------------------------+-------+-------+-------+-------++-------
Melee: Short sword       |    37 |    51 |       |       ||    88
       Falchion          |    14 |       |       |       ||    14
       Sabre             |       |    43 |    12 |    19 ||    74
       Spear             |       |       |   178 |   153 ||   331
       Whip              |       |       |    84 |    30 ||   114
       Mace              |       |       |       |    23 ||    23
 Fire: Crossbow          |    18 |    53 |    95 |    99 ||   265
       Blowgun           |       |       |       |    10 ||    10
Throw: Stone             |       |       |       |    10 ||    10
Invok: Sunlight          |       |       |     1 |     1 ||     2
       Evolution         |       |       |       |     3 ||     3
       Rain              |       |       |       |     1 ||     1
       Reproduction      |       |       |       |     1 ||     1
Evoke: Wand              |       |       |       |    13 ||    13
  Use: Scroll            |       |       |    21 |     5 ||    26
       Potion            |       |       |     1 |     6 ||     7
 Stab: Sleeping          |     7 |    12 |    14 |    12 ||    45
       Distracted        |       |       |     1 |       ||     1
       Confused          |       |       |       |     2 ||     2
